 Dungeon Crawl Stone Soup version 0.29.1-2-gbd0b4ee654 (webtiles) character file.

Game seed: 10152391737417737769

11893 croobank the Fighter (level 11, -8/97 HPs)
             Began as a Minotaur Summoner on Nov 15, 2022.
             Was an Initiate of Gozag.
             Mangled by a death yak (14 damage)
             ... on level 1 of the Lair of Beasts.
             The game lasted 00:52:21 (13762 turns).

croobank the Fighter (Minotaur Summoner)           Turns: 13762, Time: 00:52:22

Health: -8/97      AC: 12    Str: 19    XL:     11   Next: 55%
Magic:  18/18      EV: 30    Int: 16    God:    Gozag
Gold:   1704       SH:  0    Dex: 14    Spells: 8/21 levels left

rFire   + . .      SeeInvis .   u - +8 whip "Snakebite" {venom, curare, rPois}
rCold   + . .      Faith    .   (no shield)
rNeg    . . .      Spirit   .   n - +2 acid dragon scales
rPois   +          Reflect  .   (helmet restricted)
rElec   .          Harm     .   i - scarf {rC+ rF+}
rCorr   +          Rampage  .   w - +0 pair of gloves
Will    .....                   X - +1 pair of boots of Whack-A-Mole {+Inv Dex+3}
Stlth   +.........              R - amulet of the acrobat
HPRegen 0.26/turn               B - +4 ring of slaying
MPRegen 0.16/turn               c - +6 ring of strength

@: mighty, gold aura, on berserk cooldown, acrobatic, slowed, very slow
A: horns 2, retaliatory headbutt
a: Renounce Religion, Evoke Invisibility, Potion Petition, Call Merchant, Bribe
Branch


You were on level 1 of the Lair of Beasts.
You worshipped Gozag.
Gozag was most pleased with you.
You visited 3 branches of the dungeon, and saw 12 of its levels.

You collected 2244 gold pieces.
You spent 138 gold pieces at shops.
You paid 402 gold pieces to Gozag.

Inventory:

Hand Weapons
 b - a +2 vorpal shortbow
 d - a +5 short sword
 e - a +3 dagger of protection
 j - a +4 halberd
 u - the +8 whip "Snakebite" (weapon) {venom, curare, rPois}
   (You found it on level 8 of the Dungeon)

   It poisons the flesh of those it strikes.
   It occasionally inflicts asphyxiating poison on those it strikes, dealing
   poison damage and causing slowness.
   rPois:     It protects you from poison.
 G - a +1 broad axe
 I - a +4 trident
 L - a +4 quarterstaff of chaos
 P - a +0 morningstar
 T - a +3 flail
Missiles
 y - 3 boomerangs (quivered)
 D - 6 javelins
 J - a throwing net
 O - 4 boomerangs of dispersal
Armour
 i - a scarf of resistance (worn)
 n - +2 acid dragon scales (worn)
 w - a +0 pair of gloves (worn)
 M - a +2 cloak of stealth
 U - +0 ice dragon scales
 X - the +1 pair of boots of Whack-A-Mole (worn) {+Inv Dex+3}
   (You found it on level 9 of the Dungeon)

   Dex:       It affects your dexterity (+3).
   +Inv:      It lets you turn invisible.
Magical Staves
 A - a staff of air
Jewellery
 a - a ring of positive energy
 c - a +6 ring of strength (right hand)
 B - a +4 ring of slaying (left hand)
 K - a +4 ring of evasion
 R - an amulet of the acrobat (around neck)
Wands
 o - a wand of roots (9)
 r - a wand of mindburst (15)
 C - a wand of flame (22)
 E - a wand of digging (4)
 F - a wand of light (4)
 H - a wand of paralysis (3)
Scrolls
 f - a scroll of vulnerability
 p - 4 scrolls of noise
 t - 2 scrolls of magic mapping
 v - a scroll of immolation
 x - 2 scrolls of teleportation
 N - a scroll of torment
Potions
 g - 2 potions of curing
 h - 4 potions of heal wounds
 k - a potion of might
 l - 2 potions of invisibility {unknown}
 m - 2 potions of cancellation {unknown}
 q - 2 potions of haste {unknown}
 s - 2 potions of flight {unknown}
 z - 3 potions of lignification {unknown}
 Q - a potion of attraction {unknown}
 W - a potion of mutation {unknown}


   Skills:
 + Level 9.4 Fighting
 + Level 7.7 Axes
 - Level 5.0 Armour
 + Level 9.0 Dodging
 - Level 1.6 Stealth
 + Level 5.7 Spellcasting
 + Level 3.6 Hexes
 + Level 6.7 Summonings
 + Level 0.7 Air Magic


You had 8 spell levels left.
You knew the following spells:

 Your Spells              Type           Power      Damage    Failure   Level
a - Summon Small Mammal   Summ           100%       N/A       1%          1
b - Call Imp              Summ           26%        N/A       1%          2
c - Call Canine Familiar  Summ           26%        N/A       3%          3
d - Summon Guardian Gole  Hex/Summ       21%        N/A       6%          3
e - Summon Lightning Spi  Summ/Air       16%        N/A       36%         4

Your spell library contained the following spells:

 Spells                   Type           Power      Damage    Failure   Level
 Slow                     Hex            64%        N/A       4%          1
 Confusing Touch          Hex            16%        N/A       12%         3
 Ensorcelled Hibernation  Hex/Ice        20%        N/A       13%         2
 Beastly Appendage        Tmut           8%         N/A       19%         1
 Foxfire                  Conj/Fire      16%        2x1d4     19%         1
 Magic Dart               Conj           16%        1d3       19%         1
 Sandblast                Erth           8%         2d5       19%         1
 Poisonous Vapours        Pois/Air       10%        N/A       24%         2
 Passwall                 Tmut/Erth      3%         N/A       26%         2
 Wereblood                Tmut           4%         N/A       26%         2
 Inner Flame              Hex/Fire       10%        N/A       26%         3
 Mephitic Cloud           Conj/Pois/Air  5%         N/A       43%         3
 Conjure Flame            Conj/Fire      4%         6-21      47%         3
 Ignite Poison            Fire/Tmut/Pois 4%         N/A       47%         3
 Spider Form              Tmut/Pois      4%         N/A       47%         3
 Stone Arrow              Conj/Erth      8%         3d7       47%         3
 Vampiric Draining        Necr           4%         2d6       47%         3
 Anguish                  Hex/Necr       5%         N/A       63%         4
 Dispel Undead            Necr           4%         3d7       87%         4
 Flame Wave               Conj/Fire      4%         2d5       87%         4
 Sticky Flame             Conj/Fire      4%         2d3       87%         4
 Alistair's Intoxication  Tmut/Pois      2%         N/A       99%         5
 Borgnjor's Vile Clutch   Necr/Erth      2%         N/A       99%         5
 Death Channel            Necr           2%         N/A       100%        6
 Eringya's Noxious Bog    Tmut/Pois      2%         N/A       100%        6
 Corpse Rot               Necr/Pois/Air  Unusable   N/A       N/A         4

Dungeon Overview and Level Annotations

Branches:
Dungeon (10/15)            Temple (1/1) D:6            Lair (1/5) D:8
    Orc (0/2) D:9

Altars:
Cheibriados
Dithmenos
Elyvilon
Fedhas
Gozag
Hepliaklqana
Makhleb
Nemelex Xobeh
Okawaru
Qazlal
Ru
Sif Muna
Trog
Vehumet
Wu Jian
Xom
Yredelemnul
Zin
The Shining One

Shops:
D:6 [([

Annotations:
D:4 Sigmund
D:10 Erolcha


Innate Abilities, Weirdness & Mutations

You have a pair of horns on your head.
You reflexively headbutt those who attack you in melee.


Message History

The cane toad stings you!!
* * * LOW HITPOINT WARNING * * *
The komodo dragon bites you but does no damage.
The bullfrog croaks.
You hit the cane toad.
You kill the cane toad!
You thrash the bullfrog!!
The bullfrog looks as sick as possible! x2
The bullfrog convulses.
You kill the bullfrog!
The bullfrog completely misses you.
The komodo dragon completely misses you.
The bullfrog hits you but does no damage.
The death yak is distracted by your dazzling golden aura.
You see here 28 gold pieces.
You feel a strong urge to attack something.
The bullfrog completely misses you.
The sentinel's mark upon you fades away.
You feel your anger nearly subside.
A death yak and a cane toad come into view.
You are no longer berserk.
You are exhausted.
You feel yourself slow down.
The death yak bellows!
The cane toad gives a loud, deep croak!
The death yak bellows!
The death yak is distracted by your dazzling golden aura.
A rime drake comes into view.
The bullfrog is distracted by your dazzling golden aura.
The komodo dragon completely misses you.
The bullfrog attacks as you move away! The bullfrog hits you.
* * * LOW HITPOINT WARNING * * *
The komodo dragon attacks as you move away!
The komodo dragon barely misses you. You furiously retaliate!
You headbutt the komodo dragon!
The death yak is no longer distracted by gold.
The death yak gores you!
* * * LOW HITPOINT WARNING * * *
A death yak comes into view.
The death yak attacks as you move away! The death yak gores you!
You die...
Your body crumbles into a pile of gold.

##...## #.....#
##...### ##
#...#.##Y###
#...$$....FY.
##.......YY...
#...F.Y...k...
##...Yl..####.
#...@...#
#.......#
#.......##
#.......P#
#.......##
#......<#
#.......##
#........#
#..!....#######.


You could see 6 death yaks, a komodo dragon, a cane toad, a rime drake and a
bullfrog.

Vanquished Creatures
  2 two-headed ogres (D:10)
  A manticore (D:9)
  A cyclops (D:9)
  Maurice (D:8)
  Maggie (D:6)
  3 cane toads (Lair:1)
  A komodo dragon (D:8)
  A hornet (D:9)
  13 yaks
  2 wyverns (D:8)
  A basilisk (D:8)
  7 water moccasins
  A swamp drake (D:8)
  3 ice beasts
  2 sky beasts
  An ogre (D:5)
  3 centaurs
  2 kobold brigands
  4 bullfrogs
  A gnoll sergeant (D:9)
  2 scorpions
  9 wights
  10 killer bees
  A howler monkey (D:9)
  2 jellies
  2 hounds
  Crazy Yiuf (D:6)
  Ijyb (D:4)
  3 iguanas
  7 orc wizards
  12 gnolls
  An adder (D:3)
  A shadow imp (D:5)
  3 white imps
  2 ufetubi
  7 orcs
  5 endoplasms
  4 giant cockroaches
  3 goblins
  8 hobgoblins
  3 jackals (D:1)
  8 kobolds
  4 quokkas
  A ball python (D:2)
  3 bats
  A frilled lizard (D:1)
  3 rats
158 creatures vanquished.

Vanquished Creatures (collateral kills)
  An ice beast (D:6)
  An ogre (D:3)
  A centaur (D:8)
  A bullfrog (D:8)
  A necrophage (D:5)
  A wight (D:8)
  A hound (D:5)
  6 gnolls
  2 adders (D:2)
  A shadow imp (D:6)
  A worm (D:2)
  4 orcs (D:7)
  5 ball pythons
  4 endoplasms
  3 giant cockroaches
  2 goblins
  3 hobgoblins
  4 kobolds
  A bat (D:2)
  4 frilled lizards
  A rat (D:1)
48 creatures vanquished.

Vanquished Creatures (others)
  A two-headed ogre (D:8)
  Amaemon (D:8)
  An orange demon (D:8)
  A gnoll bouda (D:8)
  2 gnolls (D:8)
  3 fungi (Lair:1)
9 creatures vanquished.

Grand Total: 215 creatures vanquished

Notes
Turn   | Place    | Note
-------+----------+-------------------------------------------
     0 | D:1      | croobank the Minotaur Summoner began the quest for the Orb.
     0 | D:1      | Reached XP level 1. HP: 14/14 MP: 1/1
   102 | D:1      | Reached skill level 1 in Fighting
   305 | D:1      | Found a faded altar of an unknown god.
   311 | D:1      | Reached XP level 2. HP: 22/24 MP: 0/3
   410 | D:1      | Learned a level 2 spell: Call Imp
   931 | D:1      | Reached XP level 3. HP: 31/31 MP: 2/4
  1920 | D:2      | Reached XP level 4. HP: 41/41 MP: 5/5
  2343 | D:3      | Reached skill level 5 in Fighting
  2535 | D:3      | Learned a level 3 spell: Call Canine Familiar
  2806 | D:3      | Found a glowing silver altar of Zin.
  2817 | D:3      | Found a sparkling altar of Nemelex Xobeh.
  2859 | D:3      | Noticed an ogre
  2919 | D:3      | Killed an ogre
  2920 | D:3      | Reached XP level 5. HP: 38/48 MP: 2/6
  3365 | D:4      | Reached XP level 6. HP: 56/56 MP: 2/8
  3467 | D:4      | Found a hazy altar of Hepliaklqana.
  3530 | D:4      | Noticed a sky beast
  3564 | D:4      | Killed a sky beast
  4113 | D:4      | Noticed Sigmund
  4117 | D:4      | Identified a scroll of acquirement
  4117 | D:4      | Acquired 903 gold pieces
  4127 | D:4      | Noticed Ijyb
  4505 | D:4      | Killed Ijyb
  4625 | D:5      | Entered Level 5 of the Dungeon
  4653 | D:5      | Reached XP level 7. HP: 61/61 MP: 1/10
  5168 | D:5      | Reached skill level 5 in Dodging
  5838 | D:6      | Found Loivoc's Weapon Emporium.
  5900 | D:6      | Found Ahalacwy's Book Shoppe.
  5996 | D:6      | Found Uniuc's Antique Armour Shop.
  6145 | D:6      | Found a staircase to the Ecumenical Temple.
  6166 | D:6      | Found a shadowy altar of Dithmenos.
  6245 | D:6      | Reached skill level 1 in Axes
  6245 | D:6      | Reached XP level 8. HP: 61/69 MP: 3/12
  6379 | D:6      | Found an iron altar of Okawaru.
  6591 | D:6      | Noticed Maggie
  6621 | D:6      | Killed Maggie
  6832 | D:6      | Found a runed translucent door.
  6833 | D:6      | Noticed Crazy Yiuf
  6840 | D:6      | Killed Crazy Yiuf
  6965 | D:6      | Identified the +3 scale mail "Piesoh" {Rampage rCorr Dex+3}
  6988 | D:6      | Found Cuth's Armour Shop.
  6993 | D:6      | Bought a +1 pair of boots for 138 gold pieces
  7313 | D:7      | Reached skill level 5 in Summonings
  8405 | D:7      | Reached XP level 9. HP: 75/78 MP: 10/14
  8409 | D:7      | Learned a level 3 spell: Summon Guardian Golem
  8420 | D:7      | Reached skill level 1 in Armour
  8729 | Temple   | Entered the Ecumenical Temple
  8833 | Temple   | Became a worshipper of Gozag Ym Sagoz the Greedy
  9172 | D:8      | Reached skill level 1 in Hexes
  9393 | D:8      | Noticed a two-headed ogre
  9453 | D:8      | Killed a two-headed ogre
  9454 | D:8      | Reached skill level 5 in Axes
  9560 | D:8      | Noticed Maurice
  9581 | D:8      | Paralysed by something for 3 turns
  9588 | D:8      | Reached XP level 10. HP: 68/88 MP: 13/16
  9605 | D:8      | Paralysed by something for 2 turns
  9610 | D:8      | Paralysed by something for 3 turns
  9619 | D:8      | Paralysed by something for 2 turns
  9626 | D:8      | Killed Maurice
  9807 | D:8      | Noticed Amaemon
  9871 | D:8      | Killed Amaemon
 10092 | D:8      | Noticed an orange demon
 10135 | D:8      | Killed an orange demon
 11056 | D:8      | Reached skill level 5 in Spellcasting
 11193 | D:8      | Found a staircase to the Lair.
 12047 | D:9      | Found a staircase to the Orcish Mines.
 12243 | D:9      | Reached skill level 5 in Armour
 12593 | D:9      | You fall into a shaft and drop 1 floor!
 12593 | D:10     | Entered Level 10 of the Dungeon
 12612 | D:10     | Noticed a two-headed ogre
 12644 | D:10     | Reached XP level 11. HP: 95/95 MP: 17/17
 12658 | D:10     | Killed a two-headed ogre
 12801 | D:10     | Noticed Erolcha
 12867 | D:10     | Noticed a two-headed ogre
 12873 | D:10     | Killed a two-headed ogre
 12982 | D:9      | Identified the +1 pair of boots of Whack-A-Mole {+Inv
                  | Dex+3}
 13276 | D:9      | Noticed a skeletal warrior
 13278 | D:9      | Noticed a green ugly thing
 13284 | D:9      | Noticed a four-headed hydra
 13674 | Lair:1   | Entered Level 1 of the Lair of Beasts
 13686 | Lair:1   | Learned a level 4 spell: Summon Lightning Spire
 13745 | Lair:1   | Noticed a death yak
 13747 | Lair:1   | Noticed a death yak
 13750 | Lair:1   | Noticed a death yak
 13752 | Lair:1   | Noticed a death yak
 13760 | Lair:1   | Noticed a death yak
 13761 | Lair:1   | Noticed a death yak
 13762 | Lair:1   | Mangled by a death yak

Illustrated notes

Levels and vault maps discovered:
D:1:      amcnicky_arrival_feature_with_door, layout_basic,
          basic_ecumenical_altar, serial_park_tiny_1
D:2:      layout_loops_cross, serial_bayou_crossing
D:3:      layout_loops_cross, mainiacjoe_overflow_large_starburst,
          dreamdust_princess_bridge
D:4:      layout_loops_ring, lemuel_doored_altar, uniq_ijyb, uniq_sigmund
D:5:      layout_basic
D:6:      layout_gridville, mainiacjoe_overflow_six_doors_small,
          mainiacjoe_overflow_alcove_1, minmay_temple_entry_crystal_x,
          serial_shops, nicolae_diamond_shop, kennysheep_little_box,
          nicolae_shop_bloodbath_and_beyond, shop, uniq_crazy_yiuf_cottage,
          uniq_maggie
D:7:      layout_basic
D:8:      layout_basic, erik_lair_dragon, uniq_maurice, uniq_amaemon
D:9:      minmay_the_grid_triangle_9x9_rhombus_thin
          [minmay_the_grid_triangle_9x9_fully_insulated_deathbox,
          minmay_the_grid_triangle_9x9_prize_center,
          minmay_the_grid_triangle_9x9_corrupted_corridor,
          minmay_the_grid_triangle_9x9_flanged_cone], layout_grid_maze,
          orc_0_dummy
D:10:     layout_rooms, serial_shops, shop, uniq_erolcha
Temple:   bh_familiar_temple
Lair:1:   layout_chaotic_city, uniq_gastronok

Skill      XL: |  1  2  3  4  5  6  7  8  9 10 11 |
---------------+----------------------------------+-----
Summonings     | 3 4 5 6 |  6.7
Fighting       | 1 3 4 5 6 7 8 9 |  9.4
Dodging        | 3 4 5 6 7 8 9 |  9.0
Spellcasting   | 2 3 4 5 |  5.7
Axes           | 1 3 5 6 7 |  7.7
Armour         | 3 5 |  5.0
Hexes          | 1 3 |  3.6
Stealth        | |  1.6
Air Magic      | |  0.7

Action                   |  1- 3 |  4- 6 |  7- 9 | 10-12 || total
-------------------------+-------+-------+-------+-------++-------
Melee: Staff             |    13 |       |       |       ||    13
       Headbutt          |     9 |     9 |    27 |    42 ||    87
       Punch             |     1 |       |     1 |     2 ||     4
       Dagger            |    34 |    56 |    42 |       ||   132
       Quarterstaff      |       |       |    41 |       ||    41
       War axe           |       |       |    13 |       ||    13
       Broad axe         |       |       |    43 |    27 ||    70
       Whip              |       |       |       |   129 ||   129
Throw: Throwing net      |       |     2 |     1 |       ||     3
       Boomerang         |       |       |     4 |       ||     4
 Cast: Summon Small Mamm |    43 |    22 |    44 |     4 ||   113
       Call Imp          |     7 |    12 |    19 |     3 ||    41
       Call Canine Famil |       |    17 |    35 |     7 ||    59
       Summon Guardian G |       |       |     1 |     7 ||     8
Invok: Potion Petition   |       |       |       |     1 ||     1
Evoke: Wand              |       |       |     5 |     8 ||    13
  Use: Potion            |       |     1 |       |     5 ||     6
       Scroll            |       |    11 |     4 |     4 ||    19
 Stab: Sleeping          |       |     5 |     1 |     1 ||     7
       Distracted        |       |       |     2 |       ||     2
       Paralysed         |       |       |     2 |       ||     2
       Invisible         |       |       |       |     3 ||     3
Armor: Robe              |    10 |    16 |     9 |       ||    35
       Acid dragon scale |       |       |    55 |    44 ||    99
Dodge: Dodged            |    38 |    38 |   126 |   160 ||   362
